 Dungeon Crawl Stone Soup version 0.28.0-53-g5a82cb258f (webtiles) character file.

Game seed: 457388051304169288

58223 Infinimo the Bludgeoner (level 14, -1/132 HPs)
             Began as a Minotaur Fighter on May 31, 2022.
             Was the Champion of Okawaru.
             Slain by a molten gargoyle
             ... wielding a +0 mace
              (8 damage)
             ... on level 6 of the Lair of Beasts.
             The game lasted 00:29:01 (23450 turns).

Infinimo the Bludgeoner (Minotaur Fighter)         Turns: 23450, Time: 00:29:02

Health: -1/132     AC: 20    Str: 24    XL:     14   Next: 48%
Magic:  0/13       EV:  2    Int:  5    God:    Okawaru [******]
Gold:   791        SH: 31    Dex: 16    Spells: 13/13 levels left

rFire   . . .      SeeInvis .   k - +1 whip (elec)
rCold   . . .      Faith    .   G - +18 shield of the Gong {rElec rN+ Will+ EV-5}
rNeg    + . .      Spirit   +   C - +0 plate armour
rPois   +          Reflect  .   O - +0 hat
rElec   +          Harm     .   (no cloak)
rCorr   .          Rampage  .   (no gloves)
Will    +++..                   (no boots)
Stlth   ..........              u - amulet of Compulsion {Spirit rPois Dex+4}
HPRegen 0.32/turn               n - ring of willpower
MPRegen 0.13/turn               F - +4 ring of protection

@: no status effects
A: horns 2, retaliatory headbutt
a: Renounce Religion, Heroism, Finesse, Duel


You were on level 6 of the Lair of Beasts.
You worshipped Okawaru.
Okawaru was exalted by your worship.
You visited 3 branches of the dungeon, and saw 17 of its levels.
You also visited: Ossuary.

You collected 903 gold pieces.
You spent 112 gold pieces at shops.

Inventory:

Hand Weapons
 k - a +1 whip of electrocution (weapon)
Missiles
 m - 3 throwing nets
 x - 3 curare-tipped darts (quivered)
Armour
 C - a +0 plate armour (worn)
 G - the +18 shield of the Gong (worn) {rElec rN+ Will+ EV-5}
   (Okawaru gifted it to you on level 5 of the Lair of Beasts)

   It is deafeningly noisy when blocking attacks.
   EV:        It affects your evasion (-5).
   rElec:     It insulates you from electricity.
   rN:        It protects you from negative energy.
   Will:      It increases your willpower.
 O - a +0 hat (worn)
Jewellery
 b - an amulet of regeneration
 n - a ring of willpower (left hand)
 u - the amulet of Compulsion (around neck) {Spirit rPois Dex+4}
   (You found it in an ossuary)

   [amulet of guardian spirit]

   It causes incoming damage to be divided between your reserves of health and
   magic.
   Dex:       It affects your dexterity (+4).
   rPois:     It protects you from poison.
 F - a +4 ring of protection (right hand)
Wands
 a - a wand of paralysis (23)
 N - a wand of flame (2)
Scrolls
 e - 3 scrolls of teleportation
 f - a scroll of torment
 j - 3 scrolls of vulnerability
 l - 6 scrolls of amnesia
 p - 2 scrolls of silence
 t - 4 scrolls of fog
 z - 5 scrolls of magic mapping
 I - 2 scrolls of blinking
 J - 2 scrolls of enchant armour
Potions
 c - a potion of mutation {unknown}
 d - 2 potions of might
 g - a potion of berserk rage
 h - 3 potions of flight
 o - a potion of brilliance
 r - 4 potions of resistance
 s - 4 potions of magic
 v - 2 potions of degeneration {unknown}
 w - 2 potions of cancellation
 A - 3 potions of curing
 B - 2 potions of heal wounds
 E - 3 potions of lignification {unknown}
 K - a potion of experience {unknown}
 M - 2 potions of invisibility {unknown}


   Skills:
 + Level 14.2 Fighting
 * Level 19.2 Maces & Flails
 + Level 14.3 Armour
 + Level 14.3 Shields


You had 13 spell levels left.
You didn't know any spells.
Your spell library contained the following spells:

 Spells                   Type           Power      Damage    Failure   Level
 Sting                    Tmut/Pois      0%         1d3       100%        1
 Ignite Poison            Fire/Tmut/Pois 0%         N/A       100%        3
 Mephitic Cloud           Conj/Pois/Air  0%         N/A       100%        3
 Ozocubu's Armour         Ice            0%         N/A       100%        3
 Irradiate                Conj/Tmut      0%         3d13      100%        5
 Ozocubu's Refrigeration  Ice            0%         4d5       100%        7


Dungeon Overview and Level Annotations

Branches:
Dungeon (10/15)            Temple (1/1) D:6            Lair (6/6) D:8
  Swamp (0/4) Lair:4       Spider (0/4) Lair:2        Slime (0/5) Lair:5
    Orc (0/2) D:9         Ossuary (visited)

Altars:
Ashenzari
Cheibriados
Dithmenos
Elyvilon
Fedhas
Gozag
Hepliaklqana
Kikubaaqudgha
Makhleb
Nemelex Xobeh
Okawaru
Qazlal
Ru
Sif Muna
Trog
Uskayaw
Vehumet
Wu Jian
Xom
Yredelemnul
Zin
The Shining One
Jiyva

Shops:
D:2 (   D:8 !

Annotations:
D:8 3 runed translucent doors, ang3lsp1der's ghost, novice DECj
Lair:4 Rupert


Innate Abilities, Weirdness & Mutations

You have a pair of horns on your head.
You reflexively headbutt those who attack you in melee.


Message History

You block the molten gargoyle's attack.
GONNNNG!
You hear an angry hiss.
You hear a bark!
You hear an angry hiss. x3
You hear a bark!
You hear an angry hiss. x8
You hit the molten gargoyle but do no damage.
You headbutt the molten gargoyle, but do no damage.
The molten gargoyle is moderately damaged.
You hit the molten gargoyle but do no damage.
You headbutt the molten gargoyle, but do no damage.
The molten gargoyle is moderately damaged.
You block the molten gargoyle's attack.
GONNNNG!
You hear an angry hiss. x4
You hit the molten gargoyle but do no damage.
You headbutt the molten gargoyle, but do no damage.
The molten gargoyle is moderately damaged.
You barely miss the molten gargoyle.
The molten gargoyle is moderately damaged.
The molten gargoyle blasts magma at you!
The bolt of magma hits you!!
* * * LOW HITPOINT WARNING * * *
You hit the molten gargoyle but do no damage.
You headbutt the molten gargoyle.
The molten gargoyle is heavily damaged.
You hit the molten gargoyle but do no damage.
You headbutt the molten gargoyle, but do no damage.
The molten gargoyle is heavily damaged.
The molten gargoyle blasts magma at you!
The bolt of magma hits you!
* * * LOW HITPOINT WARNING * * *
You hit the molten gargoyle but do no damage.
The molten gargoyle is heavily damaged.
You block the molten gargoyle's attack.
BOUMMMMG!
You hear an angry hiss. x3
You hit the molten gargoyle.
The molten gargoyle is heavily damaged.
You whack the molten gargoyle!
The molten gargoyle is almost destroyed.
The molten gargoyle hits you with a +0 mace!
* * * LOW HITPOINT WARNING * * *
You are engulfed in flames!
You die...

8## ........... §§≈≈
[......... .≈≈§##
........... ..≈§§≈###
............ ....≈SSS##
.........). .........####
##..........
≈...........###..........P.
≈≈§............#@9......P..
≈≈§≈#.........#.#).......#
##.≈≈#..^...#####.......###.
##.§#.....## ##.........#..
#§≈......# #.............
#≈§......# #............P
.#§#......# ##............
#.... #............
#............


You could see a molten gargoyle.

Vanquished Creatures
  Nessos (Lair:5)
  A fire dragon (Lair:4)
  A boulder beetle (Lair:3)
  6 hydras
  A catoblepas (Lair:4)
  5 death yaks
  A two-headed ogre (D:10)
  A fire crab (Lair:6)
  Pikel (D:6)
  21 elephants
  13 cane toads
  10 black mambas
  A molten gargoyle (Lair:6)
  9 komodo dragons
  18 rime drakes
  A troll (D:9)
  4 polar bears
  Prince Ribbit (D:7)
  A hornet (D:8)
  5 slime creatures (D:10)
  26 blink frogs
  A jumping spider (Lair:2)
  2 culicivoras (Lair:2)
  A shadow (D:9)
  42 yaks
  7 wyverns
  5 basilisks
  A fire elemental (Lair:4)
  A redback (Lair:2)
  Menkaure (D:6)
  7 steam dragons
  2 swamp worms (Lair:4)
  15 water moccasins
  A hell hound (Lair:6)
  2 ice beasts
  A necrophage (D:4)
  A sky beast (D:5)
  6 black bears
  7 ogres
  24 wolves
  A centaur (D:5)
  3 phantoms
  Blork the orc (D:4)
  11 bullfrogs
  A gnoll sergeant (D:9)
  16 scorpions
  2 water moccasin zombies
  A wyvern skeleton (D:5)
  A water moccasin skeleton (D:7)
  11 killer bees
  A howler monkey (D:7)
  5 centaur zombies
  2 lava snakes
  A bullfrog zombie (D:6)
  A gnoll shaman (D:9)
  3 jellies
  4 human zombies (Ossuary)
  3 orc priests
  An iguana (D:6)
  6 orc wizards
  A killer bee zombie (D:8)
  A hound skeleton (D:4)
  3 mummies (Ossuary)
  4 howler monkey zombies
  16 gnolls
  2 howler monkey skeletons
  6 adders
  2 white imps (D:5)
  2 worms
  4 dart slugs
  24 orcs
  10 ball pythons
  6 endoplasms
  7 giant cockroaches
  6 goblins
  5 hobgoblins
  A jackal (D:2)
  2 quokkas (D:1)
  7 bats
  4 frilled lizards
  A gnoll zombie (Ossuary)
  4 goblin zombies (Ossuary)
  2 hobgoblin zombies (Ossuary)
  5 kobolds
  3 kobold zombies (Ossuary)
  A quokka zombie (D:4)
  8 rats
467 creatures vanquished.

Vanquished Creatures (collateral kills)
  A scorpion zombie (D:5)
1 creature vanquished.

Vanquished Creatures (others)
  91 fungi
  91 plants
182 creatures vanquished.

Grand Total: 650 creatures vanquished

Notes
Turn   | Place    | Note
-------+----------+-------------------------------------------
     0 | D:1      | Infinimo the Minotaur Fighter began the quest for the Orb.
     0 | D:1      | Reached XP level 1. HP: 19/19 MP: 0/0
   199 | D:1      | Reached XP level 2. HP: 23/27 MP: 1/1
   331 | D:1      | Reached skill level 3 in Maces & Flails
   455 | D:1      | Found a faded altar of an unknown god.
   617 | D:1      | Reached XP level 3. HP: 29/33 MP: 2/2
  1267 | D:2      | Found Ruigig's Antique Weapon Boutique.
  1392 | D:2      | Reached XP level 4. HP: 35/40 MP: 3/3
  1616 | D:3      | Found a sparkling altar of Nemelex Xobeh.
  1680 | D:3      | Found an ancient bone altar of Kikubaaqudgha.
  1680 | D:3      | Noticed an ogre
  1694 | D:3      | Killed an ogre
  1695 | D:3      | Reached skill level 4 in Maces & Flails
  1695 | D:3      | Reached XP level 5. HP: 47/47 MP: 4/4
  2204 | D:3      | Found a burning altar of Makhleb.
  2435 | D:4      | Noticed Blork the orc
  2437 | D:4      | Noticed an ogre
  2438 | D:4      | Killed Blork the orc
  2439 | D:4      | Reached skill level 5 in Maces & Flails
  2449 | D:4      | Killed an ogre
  2450 | D:4      | Reached skill level 5 in Fighting
  2450 | D:4      | Reached skill level 5 in Armour
  2450 | D:4      | Reached skill level 5 in Shields
  2450 | D:4      | Reached XP level 6. HP: 56/56 MP: 5/5
  2529 | D:4      | Found a blossoming altar of Fedhas.
  2605 | D:4      | Found a basalt altar of Yredelemnul.
  2631 | D:4      | Reached skill level 6 in Maces & Flails
  2694 | D:4      | Reached XP level 7. HP: 57/61 MP: 6/6
  3225 | D:4      | Reached skill level 7 in Maces & Flails
  3611 | D:5      | Entered Level 5 of the Dungeon
  3908 | D:5      | Reached XP level 8. HP: 50/70 MP: 7/7
  4190 | D:5      | Reached skill level 8 in Maces & Flails
  4349 | D:5      | Found a shimmering blue altar of Sif Muna.
  4368 | D:5      | Found a glowing silver altar of Zin.
  4768 | D:6      | Found a sand-covered staircase.
  4800 | Ossuary  | Entered an ossuary
  4876 | Ossuary  | Reached skill level 9 in Maces & Flails
  5027 | Ossuary  | Reached XP level 9. HP: 75/79 MP: 8/8
  5454 | Ossuary  | Identified the amulet of Compulsion {Spirit rPois Dex+4}
  5524 | D:6      | Reached skill level 10 in Maces & Flails
  5557 | D:6      | Found a radiant altar of Vehumet.
  5695 | D:6      | Noticed Menkaure
  5706 | D:6      | Killed Menkaure
  6210 | D:6      | Found a staircase to the Ecumenical Temple.
  6257 | D:6      | Noticed Pikel
  6279 | D:6      | Killed Pikel
  6280 | D:6      | Reached skill level 11 in Maces & Flails
  6394 | Temple   | Entered the Ecumenical Temple
  6447 | Temple   | Became a worshipper of Warmaster Okawaru
  6758 | D:7      | Reached XP level 10. HP: 83/90 MP: 9/9
  6826 | D:7      | Noticed Prince Ribbit
  6841 | D:7      | Killed Prince Ribbit
  7179 | D:7      | Reached * piety under Okawaru
  7411 | D:7      | Got the Incunabulum of Poisonous Shape Shifting
  8026 | D:8      | Reached skill level 12 in Maces & Flails
  8402 | D:8      | Reached ** piety under Okawaru
  8432 | D:8      | Found a staircase to the Lair.
  8575 | D:8      | Found a runed translucent gate.
  8575 | D:8      | Found a runed translucent gate.
  8576 | D:8      | Found a runed translucent gate.
  8578 | D:8      | Noticed ang3lsp1der's ghost (novice DECj)
  8598 | D:8      | Found Gasillut's Distillery.
  8606 | D:8      | Bought a potion of curing for 42 gold pieces
  8606 | D:8      | Bought a potion of heal wounds for 70 gold pieces
  9417 | D:9      | Found a staircase to the Orcish Mines.
  9638 | D:9      | Reached *** piety under Okawaru
  9642 | D:9      | Reached skill level 13 in Maces & Flails
  9642 | D:9      | Reached XP level 11. HP: 82/99 MP: 8/10
  9847 | D:10     | Entered Level 10 of the Dungeon
  9906 | D:10     | Reached skill level 10 in Armour
  9909 | D:10     | Reached skill level 10 in Shields
 10165 | D:10     | Reached skill level 10 in Fighting
 10303 | D:10     | Found a shadowy altar of Dithmenos.
 10406 | D:10     | Reached **** piety under Okawaru
 10561 | D:10     | Noticed a two-headed ogre
 10568 | D:10     | Killed a two-headed ogre
 11114 | D:10     | Reached skill level 14 in Maces & Flails
 11423 | Lair:1   | Entered Level 1 of the Lair of Beasts
 11637 | Lair:1   | Received a gift from Okawaru
 11864 | Lair:1   | Reached ***** piety under Okawaru
 14085 | Lair:2   | Reached XP level 12. HP: 106/110 MP: 11/11
 14307 | Lair:2   | Reached skill level 15 in Maces & Flails
 14381 | Lair:2   | Found a hole to the Spider Nest.
 15643 | Lair:3   | Noticed a boulder beetle
 15659 | Lair:3   | Killed a boulder beetle
 15852 | Lair:3   | Noticed a death yak
 15856 | Lair:3   | Noticed a death yak
 15860 | Lair:3   | Reached skill level 16 in Maces & Flails
 15861 | Lair:3   | Noticed a death yak
 16461 | Lair:4   | Noticed Rupert
 16464 | Lair:4   | Paralysed by Rupert for 6 turns
 16577 | Lair:4   | Reached ****** piety under Okawaru
 16599 | Lair:4   | Noticed a catoblepas
 16632 | Lair:4   | Killed a catoblepas
 17002 | Lair:4   | Received a gift from Okawaru
 17199 | Lair:4   | Noticed a seven-headed hydra
 17213 | Lair:4   | Killed a seven-headed hydra
 17573 | Lair:4   | Reached XP level 13. HP: 85/119 MP: 6/12
 17933 | Lair:4   | Noticed a fire dragon
 17957 | Lair:4   | Killed a fire dragon
 18351 | Lair:4   | Reached skill level 17 in Maces & Flails
 19450 | Lair:4   | Found a staircase to the Swamp.
 19815 | Lair:5   | Received a gift from Okawaru
 20761 | Lair:5   | Reached skill level 18 in Maces & Flails
 21086 | Lair:5   | Noticed Nessos
 21243 | Lair:5   | Killed Nessos
 21293 | Lair:5   | Received a gift from Okawaru
 21293 | Lair:5   | Found the +18 shield of the Gong {rElec rN+ Will+ EV-5}
 21656 | Lair:5   | Found a viscous altar of Jiyva.
 21657 | Lair:5   | Found a staircase to the Slime Pits.
 21781 | Lair:6   | Entered Level 6 of the Lair of Beasts
 21816 | Lair:5   | Reached XP level 14. HP: 97/130 MP: 10/13
 23124 | Lair:6   | Reached skill level 19 in Maces & Flails
 23450 | Lair:6   | Slain by a molten gargoyle

Illustrated notes

Levels and vault maps discovered:
D:1:      nzn_arrival_settlement, layout_basic,
          chequers_ecumenical_altar_simple, kennysheep_another_room
D:2:      layout_rooms, serial_shops, shop,
          nicolae_concentric_dashed_squares_wild, minmay_divided_ellipse
D:3:      layout_loops_ring, nicolae_kikubaaqudgha_miasma_corner,
          nemelex_spade_bored_becter, mainiacjoe_overflow_concentric_impassable,
          st_stairs_13, serial_bayou_pond_e
D:4:      layout_cave_pods, lemuel_zombie_altar_yredelemnul, fedhas_altar_3,
          uniq_blork_the_orc
D:5:      layout_cave_pools, general_overflow_altar, zin_statuary
D:6:      layout_layer_cave, nicolae_vehumet_radiance, temple_green,
          nicolae_ossuary_entry_ruins, uniq_pikel, uniq_menkaure
D:7:      layout_cave_pools, grunt_ministairs_15, grunt_decor_one_mirror,
          uniq_prince_ribbit1
D:8:      layout_gridville, due_lair_maze_entry_diamond, serial_shops,
          shop_statue, gammafunk_ghost_spectres
D:9:      layout_roguey, orc_0_dummy
D:10:     layout_irregular_city, lemuel_doored_altar,
          chequers_serial_rivers_small_3
Temple:   cyrus_circular_temple
Lair:1:   layout_gridlike, nicolae_lair_liquid_snakes
Lair:2:   layout_misc_corridors, nicolae_spider_entry_tight_spaces,
          hangedman_lair_unloving_vines, serial_bayou_pond_d,
          chequers_serial_rivers_room_a
Lair:3:   layout_long_grid
Lair:4:   layout_gridlike, palyth_hydra_swamp_entry, bobbens_dragon_lair_wall,
          serial_bayou_shore_b, uniq_rupert
Lair:5:   layout_misc_corridors, slime_altar_1, grunt_megastairs_4, uniq_nessos
Lair:6:   cheibrodos_lair_end_hotspot, layout_regular_city, lemuel_old_faithful

Skill      XL: |  1  2  3  4  5  6  7  8  9 10 11 12 13 14 |
---------------+-------------------------------------------+-----
Maces & Flails | 3 4 5 6 7 9 11 13 14 16 18 19 | 19.2
Armour         | 4 5 6 7 8 9 11 12 13 14 | 14.3
Shields        | 4 5 6 7 8 9 11 12 13 14 | 14.3
Fighting       | 4 5 6 7 8 9 11 12 13 14 | 14.2

Action                   |  1- 3 |  4- 6 |  7- 9 | 10-12 | 13-15 || total
-------------------------+-------+-------+-------+-------+-------++-------
Melee: Flail             |   118 |    48 |   293 |       |       ||   459
       Headbutt          |     7 |     4 |    55 |   225 |   248 ||   539
       Whip              |       |       |    12 |   893 |   850 ||  1755
Throw: Dart              |       |     8 |    17 |       |       ||    25
       Throwing net      |       |       |     2 |       |       ||     2
Evoke: Wand              |       |       |       |     2 |       ||     2
  Use: Scroll            |       |       |    15 |     4 |    11 ||    30
       Potion            |       |       |       |       |     2 ||     2
Armor: Scale mail        |    56 |    11 |   124 |    35 |       ||   226
       Plate armour      |       |       |       |   187 |   241 ||   428
Dodge: Dodged            |    68 |    29 |    91 |   132 |    74 ||   394
Block: Buckler           |    32 |     9 |    55 |    52 |       ||   148
       Kite shield       |       |       |       |   288 |   596 ||   884
